 Dungeon Crawl Stone Soup version 0.20-a0-350-ga83eecc (webtiles) character file.

7659 snakesoul the Carver (level 10, -14/93 HPs)
             Began as a Minotaur Fighter on Dec 24, 2016.
             Was a Believer of Cheibriados.
             Demolished by a death knight
             ... wielding a +2 halberd
              (22 damage)
             ... on level 8 of the Dungeon.
             The game lasted 00:13:26 (8033 turns).

snakesoul the Carver (Minotaur Fighter)             Turns: 8033, Time: 00:13:26

Health: -14/93     AC: 10    Str: 27    XL:     10   Next: 99%
Magic:  0/9        EV:  9    Int: 10    God:    Cheibriados [**....]
Gold:   330        SH: 15    Dex: 17    Spells: 9/9 levels left

rFire  + . .     SeeInvis .     I - +3 scimitar (flame)
rCold  . . .     Gourm    .     b - +0 scale mail
rNeg   + . .     Faith    .     u - +2 shield
rPois  +         Spirit   +     (helmet restricted)
rElec  +         Reflect  .     E - +0 cloak
rCorr  .         Harm     .     (no gloves)
MR     +....                    (no boots)
Stlth  ..........               y - amulet "Okyhorr" {Spirit rElec rPois rN+}
                                m - ring of protection from fire
                                s - ring of protection from magic

@: very slow
A: retaliatory headbutt, horns 2
a: Bend Time, Renounce Religion


You were on level 8 of the Dungeon.
You worshipped Cheibriados.
Cheibriados was pleased with you.
You were not hungry.

You visited 2 branches of the dungeon, and saw 9 of its levels.

You collected 330 gold pieces.

Inventory:

Hand Weapons
 I - a +3 scimitar of flaming (weapon)
Missiles
 w - 16 tomahawks (quivered)
Armour
 b - a +0 scale mail (worn)
 u - a +2 shield (worn)
 E - a +0 cloak (worn)
Jewellery
 m - a ring of protection from fire (right hand)
 o - an uncursed ring of protection from fire
 s - a ring of protection from magic (left hand)
 y - the amulet "Okyhorr" (around neck) {Spirit rElec rPois rN+}
   (You found it on level 8 of the Dungeon)

   [amulet of guardian spirit]

   It causes incoming damage to be split between your health and magic.
   It insulates you from electricity.
   It protects you from poison.
   It protects you from negative energy.
Wands
 d - a wand of polymorph (12/24)
Scrolls
 c - 2 scrolls of recharging {unknown}
 e - a scroll of amnesia
 h - 9 scrolls of identify {unknown}
 l - 6 scrolls of remove curse {unknown}
 t - a scroll of fear {unknown}
 H - a scroll of silence {unknown}
Potions
 g - a potion of degeneration {unknown}
 i - 2 potions of lignification {unknown}
 k - a potion of haste
 n - 2 potions of agility {unknown}
 q - a potion of heal wounds {unknown}
 v - a potion of cure mutation {unknown}
 x - a potion of flight {unknown}
 z - 2 potions of brilliance {unknown}
 A - a potion of mutation {unknown}
 C - a potion of curing {unknown}
Books
 D - a book of Necromancy

   Spells                             Type                      Level
   a - Pain                           Necromancy                   1
   b - Animate Skeleton               Necromancy                   1
   c - Vampiric Draining              Necromancy                   3
   d - Regeneration                   Charms/Necromancy            3
   e - Animate Dead                   Necromancy                   4
   f - Control Undead                 Necromancy                   4
 G - a book of Misfortune

   Spells                             Type                      Level
   a - Confusing Touch                Hexes                        1
   b - Confuse                        Hexes                        3
   c - Gell's Gravitas                Hexes/Translocation          3
   d - Petrify                        Transmutation/Earth          4
   e - Metabolic Englaciation         Hexes/Ice                    5
   f - Yara's Violent Unravelling     Hexes/Transmutation          5
Comestibles
 f - 4 bread rations
 j - a royal jelly
 p - 5 fruits
 r - a slice of pizza
 B - 5 meat rations
 F - 2 beef jerkies


   Skills:
 + Level 10.0 Fighting
 * Level 12.6 Long Blades
 + Level 9.8 Armour
 + Level 9.6 Shields


You had 9 spell levels left.
You didn't know any spells.

Dungeon Overview and Level Annotations

Branches:
Dungeon (8/15)             Temple (1/1) D:6            Lair (0/6) D:8

Altars:
Ashenzari
Cheibriados
Dithmenos
Elyvilon
Fedhas
Gozag
Hepliaklqana
Kikubaaqudgha
Makhleb
Nemelex Xobeh
Okawaru
Qazlal
Ru
Trog
Vehumet
Xom
The Shining One

Shops:
D:4 :

Annotations:
D:5 Pikel


Innate Abilities, Weirdness & Mutations

You reflexively headbutt those who attack you in melee.
You have a pair of horns on your head.


Message History

The death knight is heavily wounded.
You hit the death knight. You burn the death knight.
The death knight is heavily wounded.
You block the death knight's attack.
You slash the death knight! You burn the death knight.
The death knight is severely wounded.
The death knight hits you with an enchanted halberd!
* * * LOW HITPOINT WARNING * * *
You hit the death knight. You burn the death knight.
You headbutt the death knight, but do no damage.
The death knight is severely wounded.
You hit the death knight but do no damage.
You headbutt the death knight.
The death knight is severely wounded.
The death knight hits you with an enchanted halberd.
* * * LOW HITPOINT WARNING * * *
You completely miss the death knight. Your headbutt misses the death knight.
The death knight is severely wounded.
The death knight hits you with an enchanted halberd!!
You die...

##########.##.............##.#...
..#...## #.....##.....##....[#...
..#....# #.##.............##.#...
..#....# #..#..##..#..##..#..#...
..#....# #..##..#..#..#..##..#...
..#....# #...#..##...##..#...#...
..#....# #...##..#...#..##...#...
..#....# #.#..#..##.##..#..#.#...
..#....# #.#..##@.#|#..##..#.#...
..#...####.##..#.p### #..##.#...
..#...#..#..#..##..# ##..#..#...
..#...#..#..##..#..# #..##..#...
..#...'..##..#..##.. ##..#..##...
..#..<#..##..##..#...#..##..##...
..#.).#..###..#..##.##..#..###...
..#...#..#.#..##..#[#..##..#|#...
..#...#..#.##..#..###..#..##.#...


You could see a death knight.

Vanquished Creatures
  Erica (D:8)
  A centaur warrior (D:8)
  A two-headed ogre (D:8)
  The ghost of hairmachine the Cleaver, a novice MiAs of Makhleb (D:8)
  The ghost of Graouh the Carver, a novice MiFi of Okawaru (D:7)
  A manticore (D:8)
  2 komodo dragons (D:8)
  The ghost of Goblin1989 the Charlatan, an amateur DDAr (D:4)
  A troll (D:8)
  A slime creature (D:8)
  Sigmund (D:4)
  A wyvern (D:8)
  A yak (D:8)
  2 phantoms
  A black bear (D:8)
  3 ogres
  A centaur (D:5)
  A crocodile (D:8)
  4 bullfrogs
  2 scorpions
  5 killer bees (D:8)
  2 howler monkeys
  2 jellies
  3 crimson imps (D:6)
  A centaur zombie (D:5)
  2 bullfrog zombies
  A quasit (D:6)
  A hound (D:7)
  4 orc priests
  Crazy Yiuf (D:6)
  7 worker ants
  5 iguanas
  6 orc wizards
  2 worker ant zombies (D:5)
  4 gnolls (D:8)
  6 adders
  2 shadow imps
  2 oozes
  An adder skeleton (D:5)
  3 worms (D:2)
  4 dart slugs
  5 leopard geckos
  22 orcs
  7 bats
  2 giant cockroaches
  7 goblins
  7 hobgoblins
  11 jackals
  6 kobolds
  4 quokkas
  2 ball pythons
  5 frilled lizards
  A jackal skeleton (D:5)
  2 jackal zombies
  10 rats
183 creatures vanquished.

Vanquished Creatures (others)
  5 plants (D:8)
5 creatures vanquished.

Grand Total: 188 creatures vanquished

Notes
Turn   | Place    | Note
-------+----------+-------------------------------------------
     0 | D:1      | snakesoul the Minotaur Fighter began the quest for the Orb.
     0 | D:1      | Reached XP level 1. HP: 19/19 MP: 0/0
    67 | D:1      | Reached XP level 2. HP: 25/26 MP: 1/1
   286 | D:1      | Reached skill level 3 in Long Blades
   301 | D:1      | Reached XP level 3. HP: 20/33 MP: 2/2
   662 | D:2      | Found a hazy altar of Hepliaklqana.
   707 | D:2      | Found an opulent altar of Gozag.
   778 | D:2      | Reached XP level 4. HP: 26/40 MP: 3/3
  1358 | D:3      | Reached skill level 4 in Long Blades
  1425 | D:3      | Reached XP level 5. HP: 46/47 MP: 4/4
  1924 | D:4      | Noticed an ogre
  1968 | D:4      | Noticed Goblin1989's ghost (amateur DDAr)
  1969 | D:4      | Noticed an ogre
  2029 | D:3      | Killed an ogre
  2068 | D:4      | Killed Goblin1989's ghost
  2068 | D:4      | Reached skill level 5 in Fighting
  2068 | D:4      | Reached skill level 5 in Long Blades
  2068 | D:4      | Reached skill level 5 in Armour
  2068 | D:4      | Reached skill level 5 in Shields
  2068 | D:4      | Reached XP level 6. HP: 38/56 MP: 5/5
  2297 | D:4      | Reached XP level 7. HP: 10/61 MP: 6/6
  2298 | D:4      | Reached skill level 6 in Long Blades
  2700 | D:4      | Noticed Sigmund
  2710 | D:4      | Killed Sigmund
  2716 | D:4      | Reached skill level 7 in Long Blades
  2938 | D:4      | Found Kafoix's Book Boutique.
  3067 | D:4      | Found a burning altar of Makhleb.
  3100 | D:5      | Entered Level 5 of the Dungeon
  3114 | D:5      | Reached XP level 8. HP: 43/70 MP: 7/7
  3657 | D:5      | Reached skill level 8 in Long Blades
  3766 | D:5      | Noticed Pikel
  4125 | D:6      | Found a staircase to the Ecumenical Temple.
  4130 | Temple   | Entered the Ecumenical Temple
  4226 | Temple   | Became a worshipper of Cheibriados the Contemplative
  4689 | D:6      | Reached skill level 9 in Long Blades
  4861 | D:6      | Found a runed door.
  4865 | D:6      | Noticed Crazy Yiuf
  4869 | D:6      | Killed Crazy Yiuf
  4869 | D:6      | Reached * piety under Cheibriados
  5013 | D:7      | Found an iron altar of Okawaru.
  5113 | D:7      | Noticed Graouh's ghost (novice MiFi)
  5142 | D:7      | Reached XP level 9. HP: 58/79 MP: 8/8
  5149 | D:7      | Killed Graouh's ghost
  5476 | D:7      | Found a glowing golden altar of the Shining One.
  5484 | D:7      | Reached skill level 10 in Long Blades
  5955 | D:8      | Noticed hairmachine's ghost (novice MiAs)
  6293 | D:8      | Found a shimmering altar of Xom.
  6389 | D:8      | Noticed a two-headed ogre
  6403 | D:8      | Killed a two-headed ogre
  6716 | D:8      | Reached skill level 11 in Long Blades
  6730 | D:8      | Reached ** piety under Cheibriados
  6756 | D:8      | Noticed a komodo dragon
  6757 | D:8      | Found a staircase to the Lair.
  6766 | D:8      | Killed a komodo dragon
  6766 | D:8      | Reached XP level 10. HP: 52/90 MP: 9/9
  6933 | D:8      | Noticed Erica
  6941 | D:8      | Killed Erica
  7352 | D:8      | Noticed a centaur warrior
  7358 | D:8      | Killed a centaur warrior
  7363 | D:8      | Reached skill level 12 in Long Blades
  7387 | D:8      | Noticed a manticore
  7408 | D:8      | Killed a manticore
  7767 | D:8      | Killed hairmachine's ghost
  7901 | D:8      | Got a pitted golden amulet
  7902 | D:8      | Identified the amulet "Okyhorr" {Spirit rElec rPois rN+} (You found it on level 8 of the Dungeon)
  8011 | D:8      | Noticed a death knight
  8022 | D:8      | Reached skill level 10 in Fighting
  8033 | D:8      | Demolished by a death knight

Vault maps used:
D:1:      roderic_dead_forest, hangedman_feature_mirror, minmay_strange_pillars
D:2:      overflow_temple_1_default, grunt_gozag_statues
D:3:      saegor_snake_ambush
D:4:      lightli_temple_of_fire, serial_shops, shop, uniq_sigmund
D:5:      first_bread, grunt_ministairs_9, uniq_pikel
D:6:      uniq_crazy_yiuf_cottage
D:7:      old_standard_altar, kennysheep_little_box, due_unseen_surprise
D:8:      minmay_tri_box, kennysheep_mini_moat, david_lair_shrubbed, uniq_erica
Temple:   regret_index_temple_sphere_string

Skill      XL: |  1  2  3  4  5  6  7  8  9 10 |
---------------+-------------------------------+-----
Armour         | 4 5 6 7 8 9 |  9.8
Long Blades    | 3 4 5 7 9 11 12 | 12.6
Shields        | 4 5 6 7 8 9 |  9.6
Fighting       | 4 5 6 7 8 10 | 10.0

Action                   |  1- 3 |  4- 6 |  7- 9 | 10-12 || total
-------------------------+-------+-------+-------+-------++-------
Melee: Long sword        |    96 |   108 |   357 |     7 ||   568
       Headbutt          |    15 |    32 |    78 |    32 ||   157
       Scimitar          |       |       |       |    76 ||    76
  Use: Potion            |       |     1 |     1 |       ||     2
       Scroll            |       |       |     4 |     1 ||     5
  Eat: Chunk             |       |     5 |    11 |     2 ||    18
Armor: Scale mail        |    29 |    49 |   105 |    22 ||   205
Dodge: Dodged            |    26 |    23 |   102 |    19 ||   170
Block: Shield            |    54 |    55 |   230 |    36 ||   375
       Rpst.: Long sword |     4 |    10 |    28 |     1 ||    43
       Scimitar          |       |       |       |     3 ||     3
